[ AOE2 MATCH · #506507458 ]
UnrankedKhitans vs Huns
Player's team · WIN
Rival team · LOSS
[ REPLAY ANALYSIS · EXTRACTED FROM THE RECORDED GAME ]
Feudal
8:53
Castle
23:24
Imperial
—
| APM avg | 61.6 |
| APM peak | 91 |
| eAPM avg | 21.3 |
| Villagers / military | 58 / 41 |
Focus
⚔️ 40.7% · 🌾 59.3%
Skirmisher ×24 · Scout Cavalry ×9 · Spearman ×6 · Iron Pagoda ×2
Feudal
8:51
Castle
23:35
Imperial
—
| APM avg | 70.4 |
| APM peak | 104 |
| eAPM avg | 21.9 |
| Villagers / military | 50 / 51 |
Focus
⚔️ 43.8% · 🌾 56.2%
Skirmisher ×37 · Spearman ×13 · Mangonel ×1
Match map
Initial resources + every placement click. Lines = walls · curves = elevation contours. ◆ gold · ⬟ stone · ● berries · ✦ relic · ◌ wall gap
Your base· ✓ Closed at 23:24 · 12t walls · no gate
chaos_2_win's base· Open — opponent sealed themselves in
Smoothed initial terrain · ◌ = detected wall gap · hover for details
Inputs per minute
— Oni.Kingstone - - chaos_2_win
Build order — Oni.Kingstone
First 150 of 179 actions detected
| 0:01 | Create | Villager (Male) |
| 0:01 | Create | Villager (Male) |
| 0:02 | Create | Villager (Male) |
| 0:02 | Build | House |
| 0:05 | Build | House |
| 0:14 | Create | Villager (Male) |
| 0:14 | Create | Villager (Male) |
| 1:25 | Create | Villager (Male) |
| 1:46 | Build | Lumber Camp |
| 1:50 | Create | Villager (Male) |
| 2:15 | Create | Villager (Male) |
| 2:37 | Create | Villager (Male) |
| 3:08 | Create | Villager (Male) |
| 3:33 | Create | Villager (Male) |
| 3:33 | Create | Villager (Male) |
| 3:50 | Create | Villager (Male) |
| 4:05 | Build | House |
| 4:05 | Create | Villager (Male) |
| 4:10 | Build | House |
| 4:44 | Create | Villager (Male) |
| 4:49 | Create | Villager (Male) |
| 4:49 | Create | Villager (Male) |
| 5:00 | Create | Villager (Male) |
| 5:21 | Build | Mill |
| 5:55 | Research | Loom |
| 6:43 | Research | Feudal Age |
| 7:44 | Create | Villager (Male) |
| 8:13 | Build | Pasture |
| 8:20 | Create | Villager (Male) |
| 8:26 | Build | Barracks |
| 8:53 | Age | Feudal Age |
| 8:56 | Create | Spearman |
| 9:05 | Build | Archery Range |
| 9:06 | Research | Double-Bit Axe |
| 9:07 | Create | Villager (Male) |
| 9:23 | Build | House |
| 9:33 | Create | Spearman |
| 9:38 | Create | Skirmisher |
| 9:40 | Create | Villager (Male) |
| 9:56 | Create | Skirmisher |
| 10:11 | Create | Skirmisher |
| 10:21 | Create | Villager (Male) |
| 10:31 | Create | Skirmisher |
| 10:47 | Create | Skirmisher |
| 10:55 | Create | Villager (Male) |
| 10:56 | Build | House |
| 11:08 | Build | Watch Tower |
| 11:16 | Create | Skirmisher |
| 11:26 | Create | Skirmisher |
| 11:32 | Create | Villager (Male) |
| 11:44 | Build | Pasture |
| 11:54 | Create | Villager (Male) |
| 12:09 | Create | Skirmisher |
| 12:14 | Build | Palisade Wall |
| 12:15 | Build | Palisade Wall |
| 12:15 | Build | Palisade Wall |
| 12:15 | Build | Palisade Wall |
| 12:15 | Build | Palisade Wall |
| 12:16 | Build | Palisade Wall |
| 12:16 | Build | Palisade Wall |
| 12:16 | Build | Palisade Wall |
| 12:16 | Build | Palisade Wall |
| 12:16 | Build | Palisade Wall |
| 12:17 | Build | Palisade Wall |
| 12:19 | Create | Villager (Male) |
| 12:25 | Create | Spearman |
| 12:39 | Create | Villager (Male) |
| 12:53 | Build | Blacksmith |
| 12:56 | Create | Skirmisher |
| 13:04 | Build | House |
| 13:10 | Create | Villager (Male) |
| 13:17 | Create | Spearman |
| 13:20 | Build | House |
| 13:33 | Build | Outpost |
| 13:36 | Create | Skirmisher |
| 13:39 | Create | Villager (Male) |
| 13:44 | Build | Mining Camp |
| 14:03 | Build | House |
| 14:08 | Build | Palisade Wall |
| 14:09 | Build | House |
| 14:11 | Research | Fletching |
| 14:12 | Create | Skirmisher |
| 14:24 | Build | Pasture |
| 14:29 | Build | House |
| 14:32 | Create | Villager (Male) |
| 14:32 | Create | Villager (Male) |
| 14:41 | Create | Villager (Male) |
| 14:41 | Create | Villager (Male) |
| 14:43 | Build | Pasture |
| 14:46 | Build | Pasture |
| 14:53 | Build | Palisade Wall |
| 14:55 | Build | House |
| 15:06 | Create | Skirmisher |
| 15:07 | Create | Spearman |
| 15:15 | Create | Villager (Male) |
| 15:21 | Build | House |
| 15:24 | Create | Villager (Male) |
| 15:36 | Create | Spearman |
| 15:40 | Create | Skirmisher |
| 15:45 | Build | Watch Tower |
| 15:54 | Build | Pasture |
| 15:56 | Create | Villager (Male) |
| 16:07 | Create | Skirmisher |
| 16:10 | Research | Padded Archer Armor |
| 16:21 | Create | Skirmisher |
| 16:36 | Build | Pasture |
| 16:46 | Create | Villager (Male) |
| 16:48 | Build | Pasture |
| 16:54 | Create | Skirmisher |
| 17:03 | Build | Watch Tower |
| 17:10 | Create | Villager (Male) |
| 17:10 | Create | Villager (Male) |
| 17:12 | Build | Pasture |
| 17:21 | Create | Skirmisher |
| 17:28 | Create | Villager (Male) |
| 17:38 | Create | Villager (Male) |
| 17:48 | Create | Villager (Male) |
| 17:53 | Create | Skirmisher |
| 17:59 | Build | Pasture |
| 18:12 | Create | Skirmisher |
| 18:14 | Create | Villager (Male) |
| 18:22 | Create | Villager (Male) |
| 18:28 | Create | Villager (Male) |
| 18:29 | Create | Skirmisher |
| 18:33 | Create | Villager (Male) |
| 18:43 | Build | Pasture |
| 18:45 | Create | Skirmisher |
| 18:47 | Create | Villager (Male) |
| 19:13 | Build | Market |
| 19:31 | Build | Lumber Camp |
| 19:47 | Build | House |
| 19:48 | Build | House |
| 19:54 | Build | House |
| 19:55 | Build | Palisade Wall |
| 20:00 | Create | Villager (Male) |
| 20:24 | Create | Skirmisher |
| 20:44 | Research | Castle Age |
| 20:56 | Create | Skirmisher |
| 21:06 | Build | Mining Camp |
| 21:15 | Build | Stable |
| 21:19 | Research | Forging |
| 21:22 | Create | Skirmisher |
| 21:40 | Build | House |
| 21:48 | Build | Watch Tower |
| 21:55 | Build | Stable |
| 21:56 | Create | Scout Cavalry |
| 22:04 | Research | Scale Barding Armor |
| 22:12 | Build | Pasture |
| 22:24 | Create | Scout Cavalry |
| 22:32 | Build | Pasture |
Build order — chaos_2_win
First 150 of 171 actions detected
| 0:01 | Create | Villager (Male) ×4 |
| 1:14 | Create | Villager (Male) |
| 1:14 | Create | Villager (Male) |
| 1:42 | Create | Villager (Male) |
| 1:42 | Create | Villager (Male) |
| 1:57 | Build | Lumber Camp |
| 2:22 | Create | Villager (Male) |
| 2:22 | Create | Villager (Male) |
| 2:40 | Create | Villager (Male) |
| 3:31 | Create | Villager (Male) |
| 3:58 | Create | Villager (Male) |
| 3:59 | Create | Villager (Male) |
| 4:21 | Build | Mill |
| 4:23 | Create | Villager (Male) |
| 4:53 | Create | Villager (Male) |
| 5:50 | Create | Villager (Male) |
| 5:58 | Create | Villager (Male) |
| 6:08 | Build | Palisade Wall |
| 6:09 | Build | Palisade Wall |
| 6:10 | Build | Palisade Wall |
| 6:13 | Build | Palisade Wall |
| 6:34 | Research | Feudal Age |
| 6:34 | Research | Feudal Age |
| 6:56 | Build | Lumber Camp |
| 7:36 | Create | Villager (Male) |
| 7:37 | Create | Villager (Male) |
| 7:38 | Build | Palisade Wall |
| 7:40 | Build | Palisade Wall |
| 7:41 | Build | Palisade Wall |
| 7:42 | Build | Palisade Wall |
| 8:02 | Build | Barracks |
| 8:07 | Research | Loom |
| 8:07 | Create | Villager (Male) |
| 8:08 | Create | Villager (Male) |
| 8:51 | Age | Feudal Age |
| 8:53 | Build | Archery Range |
| 9:01 | Create | Spearman |
| 9:01 | Create | Spearman |
| 9:06 | Build | Palisade Wall |
| 9:09 | Build | Palisade Wall |
| 9:11 | Build | Palisade Wall |
| 9:20 | Create | Villager (Male) |
| 9:27 | Create | Spearman |
| 9:34 | Create | Skirmisher |
| 9:40 | Create | Spearman |
| 10:04 | Create | Skirmisher |
| 10:15 | Create | Villager (Male) |
| 10:25 | Create | Skirmisher |
| 10:26 | Create | Spearman |
| 10:34 | Create | Villager (Male) |
| 10:35 | Create | Skirmisher |
| 10:53 | Create | Skirmisher |
| 10:53 | Create | Spearman |
| 10:56 | Create | Villager (Male) |
| 10:58 | Build | Farm |
| 10:59 | Build | Farm |
| 11:51 | Create | Villager (Male) |
| 11:51 | Create | Skirmisher |
| 11:52 | Create | Spearman |
| 11:57 | Build | Blacksmith |
| 12:11 | Create | Skirmisher |
| 12:14 | Create | Villager (Male) |
| 12:16 | Create | Skirmisher |
| 12:29 | Research | Fletching |
| 12:32 | Build | Palisade Wall |
| 12:33 | Create | Skirmisher |
| 12:41 | Build | Farm |
| 12:43 | Build | Farm |
| 12:45 | Create | Villager (Male) |
| 12:48 | Build | Palisade Wall |
| 12:55 | Build | Farm |
| 12:59 | Create | Villager (Male) |
| 13:02 | Create | Spearman |
| 13:03 | Create | Spearman |
| 13:15 | Research | Double-Bit Axe |
| 13:16 | Research | Double-Bit Axe |
| 13:29 | Create | Villager (Male) |
| 13:51 | Build | Farm |
| 13:54 | Build | Farm |
| 13:55 | Create | Villager (Male) |
| 13:57 | Create | Skirmisher |
| 14:12 | Build | Farm |
| 14:14 | Research | Town Watch |
| 14:15 | Research | Town Watch |
| 14:20 | Create | Skirmisher |
| 14:33 | Build | Farm |
| 14:37 | Build | Farm |
| 14:45 | Build | Farm |
| 14:50 | Create | Villager (Male) |
| 14:56 | Create | Skirmisher |
| 15:16 | Create | Villager (Male) |
| 15:17 | Create | Villager (Male) |
| 15:20 | Build | Farm |
| 15:23 | Build | Farm |
| 15:31 | Create | Spearman |
| 15:31 | Create | Skirmisher |
| 15:46 | Build | Archery Range |
| 15:51 | Create | Skirmisher |
| 15:53 | Create | Villager (Male) |
| 15:59 | Build | Farm |
| 16:07 | Build | Farm |
| 16:09 | Create | Skirmisher |
| 16:11 | Build | Watch Tower |
| 16:36 | Create | Villager (Male) |
| 17:00 | Build | Farm |
| 17:01 | Build | Farm |
| 17:06 | Create | Skirmisher |
| 17:11 | Create | Villager (Male) |
| 17:13 | Research | Wheelbarrow |
| 17:14 | Research | Wheelbarrow |
| 17:55 | Create | Villager (Male) |
| 17:56 | Create | Skirmisher |
| 17:57 | Create | Skirmisher |
| 18:15 | Create | Skirmisher |
| 18:15 | Create | Skirmisher |
| 18:31 | Create | Villager (Male) |
| 18:34 | Build | Market |
| 18:47 | Create | Skirmisher |
| 18:48 | Create | Skirmisher |
| 18:54 | Build | Farm |
| 18:58 | Build | Farm |
| 19:05 | Create | Villager (Male) |
| 19:07 | Create | Skirmisher |
| 19:08 | Create | Skirmisher |
| 19:13 | Build | Lumber Camp |
| 19:15 | Build | Farm |
| 19:25 | Create | Skirmisher |
| 19:25 | Create | Skirmisher |
| 19:29 | Create | Villager (Male) |
| 19:51 | Build | Farm |
| 20:07 | Create | Spearman |
| 20:07 | Create | Spearman |
| 20:09 | Create | Villager (Male) |
| 20:16 | Create | Spearman |
| 20:46 | Build | Farm |
| 20:55 | Research | Castle Age |
| 21:02 | Build | Farm |
| 21:10 | Research | Horse Collar |
| 21:27 | Create | Skirmisher |
| 21:27 | Create | Skirmisher |
| 21:28 | Create | Skirmisher |
| 21:29 | Build | Farm |
| 21:38 | Build | Farm |
| 21:48 | Create | Skirmisher |
| 21:49 | Create | Skirmisher |
| 22:03 | Build | Archery Range |
| 22:10 | Create | Skirmisher |
| 22:26 | Build | Farm |
| 22:30 | Create | Skirmisher |
| 22:30 | Create | Skirmisher |
Match timeline
| 6:08 | chaos_2_win · wall_segment Palisade Wall x1 |
| 6:09 | chaos_2_win · wall_segment Palisade Wall x1 |
| 6:10 | chaos_2_win · wall_segment Palisade Wall x1 |
| 6:13 | chaos_2_win · wall_segment Palisade Wall x1 |
| 7:38 | chaos_2_win · wall_segment Palisade Wall x1 |
| 7:40 | chaos_2_win · wall_segment Palisade Wall x1 |
| 7:41 | chaos_2_win · wall_segment Palisade Wall x1 |
| 7:42 | chaos_2_win · wall_segment Palisade Wall x1 |
| 8:02 | chaos_2_win · first_building Barracks |
| 8:26 | Oni.Kingstone · first_building Barracks |
| 8:51 | chaos_2_win · age_up feudal |
| 8:53 | chaos_2_win · first_building Archery Range |
| 8:53 | Oni.Kingstone · age_up feudal |
| 9:05 | Oni.Kingstone · first_building Archery Range |
| 9:06 | chaos_2_win · wall_segment Palisade Wall x1 |
| 9:09 | chaos_2_win · wall_segment Palisade Wall x1 |
| 9:11 | chaos_2_win · wall_segment Palisade Wall x1 |
| 12:14 | Oni.Kingstone · wall_segment Palisade Wall x1 |
| 12:15 | Oni.Kingstone · wall_segment Palisade Wall x1 |
| 12:15 | Oni.Kingstone · wall_segment Palisade Wall x1 |
| 12:15 | Oni.Kingstone · wall_segment Palisade Wall x2 |
| 12:15 | Oni.Kingstone · wall_segment Palisade Wall x1 |
| 12:16 | Oni.Kingstone · wall_segment Palisade Wall x1 |
| 12:16 | Oni.Kingstone · wall_segment Palisade Wall x2 |
| 12:16 | Oni.Kingstone · wall_segment Palisade Wall x1 |
| 12:16 | Oni.Kingstone · wall_segment Palisade Wall x1 |
| 12:16 | Oni.Kingstone · wall_segment Palisade Wall x1 |
| 12:17 | Oni.Kingstone · wall_segment Palisade Wall x1 |
| 12:32 | chaos_2_win · wall_segment Palisade Wall x3 |
| 12:48 | chaos_2_win · wall_segment Palisade Wall x3 |
| 14:08 | Oni.Kingstone · wall_segment Palisade Wall x2 |
| 14:53 | Oni.Kingstone · wall_segment Palisade Wall x1 |
| 19:22 | chaos_2_win · first_market_sell 500 wood |
| 19:23 | chaos_2_win · first_market_buy 100 food |
| 19:55 | Oni.Kingstone · wall_segment Palisade Wall x2 |
| 20:12 | Oni.Kingstone · first_market_sell 100 stone |
| 21:15 | Oni.Kingstone · first_building Stable |
| 23:24 | Oni.Kingstone · age_up castle |
| 23:35 | chaos_2_win · age_up castle |
| 23:55 | Oni.Kingstone · first_building Siege Workshop |
| 24:42 | chaos_2_win · first_building Siege Workshop |
| 26:06 | chaos_2_win · resign |
[ AI ANALYSIS · 1 CREDIT ]
What really happened in this match?
Wolo.gg analyzes every decision: build order, eco, micro, common mistakes by bracket. Personalized analysis on WhatsApp or Discord in 30 seconds.
Civ guide
Khitans
Perfil
Jugador #2776293